 Dungeon Crawl Stone Soup version 0.24-a0-736-g4e6fe308c7 (webtiles) character file.

Game seed: 14025735231730712351, levelgen mode: deterministic

13785 Johnny the Arsonist (level 11, -7/141 HPs)
             Began as a Demigod Fire Elementalist on Oct 2, 2019.
             Mangled by a polar bear (19 damage)
             ... in an ice cave.
             The game lasted 00:22:05 (11651 turns).

Johnny the Arsonist (Demigod Fire Elementalist)    Turns: 11651, Time: 00:22:05

Health: -7/141     AC: 25    Str: 11    XL:     11   Next: 51%
Magic:  21/26      EV:  2    Int: 29    God:
Gold:   308        SH:  0    Dex: 16    Spells: 13/25 levels left

rFire    + + .     SeeInvis .   s - +4 flail of Wariness {protect, +Fly rF+++ MR- Int+4}
rCold    + . .     Gourm    .   (no shield)
rNeg     + + +     Faith    .   (armour currently unavailable)
rPois    +         Spirit   .   (helmet currently unavailable)
rElec    .         Reflect  .   (cloak currently unavailable)
rCorr    .         Harm     .   (gloves currently unavailable)
MR       +....     NoTele   +   (boots currently unavailable)
Stlth    ++........             (no amulet)
HPRegen  0.33/turn              l - ring of protection from magic
MPRegen  0.20/turn              D - ring of ice

@: tree-form
A: high mp 1
a: no special abilities


You were in an ice cave.
You were not hungry.
You were a tree.
You visited 1 branch of the dungeon, and saw 11 of its levels.
You also visited: Ice Cave.

You collected 656 gold pieces.
You spent 348 gold pieces at shops.

Inventory:

Hand Weapons
 s - the +4 flail of Wariness (weapon) {protect, +Fly rF+++ MR- Int+4}
   (You found it on level 5 of the Dungeon)

   It grants its wielder temporary protection when it strikes (+7 to AC).
   It affects your intelligence (+4).
   It renders you almost immune to fire.
   It affects your resistance to hostile enchantments.
   It lets you fly.
 z - a +2 dagger of electrocution
Armour
 j - a +0 pair of boots (melded)
 k - a +0 pair of gloves (melded)
 y - a +2 hat (melded)
 C - a +2 troll leather armour (melded)
Jewellery
 l - a ring of protection from magic (left branch)
 D - a ring of ice (right branch)
 H - a +4 ring of evasion {unknown}
Wands
 F - a wand of polymorph (15)
 G - a wand of flame (22)
Scrolls
 b - 5 scrolls of fog
 d - 4 scrolls of amnesia
 e - 7 scrolls of remove curse
 i - 3 scrolls of magic mapping
 o - a scroll of immolation
 p - 5 scrolls of blinking
 r - a scroll of identify
 A - 5 scrolls of teleportation
Potions
 g - a potion of invisibility {unknown}
 h - 2 potions of degeneration
 m - 2 potions of mutation
 n - a potion of lignification
 t - a potion of ambrosia
 u - 2 potions of flight {unknown}
 v - 3 potions of cancellation
 w - 3 potions of curing
 x - a potion of resistance {unknown}
 E - a potion of agility {unknown}
Comestibles
 c - 10 rations


   Skills:
 + Level 7.8 Fighting
 - Level 1.7 Dodging
 - Level 1.7 Stealth
 + Level 7.5 Spellcasting
 + Level 7.9 Conjurations
 * Level 11.4 Fire Magic


You had 13 spell levels left.
You knew the following spells:

 Your Spells              Type           Power        Failure   Level  Hunger
a - Flame Tongue          Conj/Fire      #####        1%          1    None
b - Throw Flame           Conj/Fire      ######       1%          2    None
c - Sticky Flame          Conj/Fire      ######..     1%          4    ##.....
d - Fireball              Conj/Fire      ######....   2%          5    ####...

Your spell library contained the following spells:

 Spells                   Type           Power        Failure   Level  Hunger
 Conjure Flame            Conj/Fire      ######..     1%          3    None
 Inner Flame              Hex/Fire       #####...     1%          3    None
 Beastly Appendage        Tmut           ##....       4%          1    None
 Sticks to Snakes         Tmut           ##......     8%          2    None
 Spider Form              Tmut/Pois      ##........   14%         3    None
 Ice Form                 Ice/Tmut       ###.....     43%         4    ##.....
 Blade Hands              Tmut           ##........   80%         5    ####...


Dungeon Overview and Level Annotations

Branches:
Dungeon (11/15)            Temple (0/1) D:4            Lair (0/6) D:9
  IceCv (1/1)
    Orc: D:9-12

Shops:
D:6 *

Annotations:
D:6 3 runed translucent doors, Electrofox's ghost, novice KoAM


Innate Abilities, Weirdness & Mutations

You have an increased reservoir of magic. (+10% MP)


Message History

The polar bear claws you but does no damage.
The polar bear claws you.
* * * LOW HITPOINT WARNING * * *
Unknown command.
You barely miss the polar bear.
The polar bear is almost dead.
The polar bear bites you!!
* * * LOW HITPOINT WARNING * * *
The polar bear barely misses you.
The polar bear claws you but does no damage.
The polar bear bites you.
* * * LOW HITPOINT WARNING * * *
The polar bear claws you but does no damage.
The polar bear claws you.
* * * LOW HITPOINT WARNING * * *
Magic courses through your body.
The polar bear bites you but does no damage.
The polar bear claws you but does no damage. x2
The polar bear bites you!!
You die...

### #.## ##..# #
#†..## ###
#†#..# ..##
.YY##.## ...##
#..Y# #..#
.#..##
##.#####h#
##...# ####.##♣#
#.#.# #.#...#
#.##.## #####.##
##.#..# #.##..#
##.#.## ##.#..##
.#.#†## ##.....#
.#.†#.###.#...##
.###...##..#.##
## #.#.#..####


You could see a polar bear (berserk).

Vanquished Creatures
  Erolcha (D:9)
  Harold (D:9)
  2 two-headed ogres
  A gargoyle (D:10)
  2 rime drakes (IceCv)
  6 polar bears (IceCv)
  A hornet (D:10)
  A wyvern (D:9)
  A steam dragon (D:10)
  15 yaks
  A swamp drake (D:5)
  An ice beast (D:6)
  8 orc warriors
  2 black bears (D:9)
  4 phantoms
  2 sky beasts
  4 ogres
  12 wolves
  5 centaurs
  A big kobold (D:9)
  3 bullfrogs
  8 scorpions
  A wyvern skeleton (D:9)
  4 wights (D:10)
  2 electric eels (D:9)
  3 crimson imps
  4 centaur zombies
  3 howler monkeys (D:10)
  A bullfrog zombie (D:8)
  A quasit (D:5)
  12 hounds
  2 bullfrog skeletons
  A centaur skeleton (D:5)
  7 orc priests
  A gnoll shaman (D:9)
  7 orc wizards
  Terence (D:2)
  5 iguanas
  5 worker ants
  A hound skeleton (D:10)
  A worker ant zombie (D:6)
  8 gnolls
  4 adders
  2 shadow imps (D:7)
  10 white imps (D:11)
  4 oozes
  2 adder zombies (D:7)
  4 worms
  4 dart slugs
  4 leopard geckos
  40 orcs
  A ball python (D:2)
  7 bats (D:1)
  6 giant cockroaches
  8 goblins
  6 hobgoblins
  9 jackals
  A quokka (D:3)
  A frilled lizard (D:1)
  11 kobolds
  2 quokka skeletons
  5 rats
283 creatures vanquished.

Vanquished Creatures (collateral kills)
  A troll (D:9)
  A bullfrog (D:9)
  A hound (D:9)
3 creatures vanquished.

Vanquished Creatures (others)
  An orc warrior (D:10)
  A wolf (IceCv)
  A gnoll (D:9)
  An orc (D:10)
4 creatures vanquished.

Grand Total: 290 creatures vanquished

Notes
Turn   | Place    | Note
-------+----------+-------------------------------------------
     0 | D:1      | Johnny the Demigod Fire Elementalist began the quest for
                  | the Orb.
     0 | D:1      | Reached XP level 1. HP: 14/14 MP: 5/5
   317 | D:1      | Reached skill level 1 in Conjurations
   342 | D:1      | Reached skill level 3 in Fire Magic
   342 | D:1      | Reached XP level 2. HP: 22/22 MP: 0/7
  1097 | D:1      | Reached XP level 3. HP: 27/27 MP: 5/8
  1421 | D:2      | Reached skill level 1 in Fighting
  1736 | D:2      | Found a hazy altar of Hepliaklqana.
  1772 | D:2      | Found a blossoming altar of Fedhas.
  1919 | D:2      | Reached XP level 4. HP: 35/35 MP: 4/10
  2018 | D:2      | Noticed Terence
  2029 | D:2      | Killed Terence
  2150 | D:2      | Learned a level 2 spell: Throw Flame
  2577 | D:3      | Noticed a bullfrog
  2591 | D:3      | Killed a bullfrog
  2591 | D:3      | Reached skill level 4 in Fire Magic
  2591 | D:3      | Reached XP level 5. HP: 23/41 MP: 2/11
  2718 | D:3      | Found a stormy altar of Qazlal.
  3071 | D:3      | Found a shattered altar of Ashenzari.
  3296 | D:3      | Found an opulent altar of Gozag.
  3365 | D:4      | Found a staircase to the Ecumenical Temple.
  3775 | D:4      | Noticed a phantom
  3783 | D:4      | Killed a phantom
  3783 | D:4      | Reached XP level 6. HP: 37/48 MP: 3/13
  4046 | D:4      | Learned a level 4 spell: Sticky Flame
  4047 | D:5      | Entered Level 5 of the Dungeon
  4180 | D:5      | Reached skill level 5 in Fire Magic
  4310 | D:5      | Identified the +4 flail of Wariness {protect, +Fly rF+++
                  | MR- Int+4}
  4372 | D:4      | Reached XP level 7. HP: 34/56 MP: 9/15
  4630 | D:5      | Found a sparkling altar of Nemelex Xobeh.
  5041 | D:6      | Reached skill level 6 in Fire Magic
  5295 | D:6      | Reached XP level 8. HP: 39/66 MP: 12/17
  5493 | D:6      | Found a runed translucent gate.
  5493 | D:6      | Found a runed translucent gate.
  5493 | D:6      | Found a runed translucent gate.
  5550 | D:6      | Found Jegonot's General Store.
  5553 | D:6      | Bought a scroll of teleportation for 36 gold pieces
  5553 | D:6      | Bought a potion of mutation for 96 gold pieces
  5553 | D:6      | Bought 2 potions of cancellation for 192 gold pieces
  5553 | D:6      | Bought a scroll of identify for 24 gold pieces
  6054 | D:6      | Reached skill level 7 in Fire Magic
  6470 | D:6      | Noticed Electrofox's ghost (novice KoAM)
  7186 | D:7      | Reached XP level 9. HP: 57/73 MP: 12/20
  7248 | D:7      | Reached skill level 5 in Spellcasting
  7248 | D:7      | Reached skill level 5 in Conjurations
  7302 | D:7      | Noticed a two-headed ogre
  7320 | D:7      | HP: 1/73 [two-headed ogre/+0 giant club (34)]
  7328 | D:7      | Killed a two-headed ogre
  7328 | D:7      | Reached skill level 5 in Fighting
  7328 | D:7      | Reached skill level 8 in Fire Magic
  7606 | D:7      | Found an ancient bone altar of Kikubaaqudgha.
  7809 | D:8      | Learned a level 5 spell: Fireball
  8731 | D:9      | Noticed a two-headed ogre
  8738 | D:9      | Killed a two-headed ogre
  8738 | D:9      | Reached skill level 9 in Fire Magic
  8738 | D:9      | Reached XP level 10. HP: 51/83 MP: 8/22
  9200 | D:9      | Got a spiked chain mail
  9202 | D:9      | Identified the +3 chain mail of Crawling {Int+3} (You found
                  | it on level 9 of the Dungeon)
  9444 | D:9      | Found a staircase to the Lair.
  9485 | D:9      | Noticed Erolcha
  9491 | D:9      | Killed Erolcha
  9578 | D:9      | Noticed Harold
  9581 | D:9      | Killed Harold
  9581 | D:9      | Reached skill level 10 in Fire Magic
 10023 | D:10     | Entered Level 10 of the Dungeon
 10059 | D:10     | Got a twisted hand crossbow
 10082 | D:10     | Identified the +3 hand crossbow "Tahill" {speed, rF+++ rC-
                  | Str+2 Stlth+} (You found it on level 10 of the Dungeon)
 10702 | D:10     | Reached XP level 11. HP: 92/92 MP: 10/25
 10915 | D:11     | Found a frozen archway.
 10926 | IceCv    | Entered an ice cave
 11406 | IceCv    | Reached skill level 11 in Fire Magic
 11651 | IceCv    | Mangled by a polar bear

Levels and vault maps discovered:
D:1:      minmay_arrival_three_doors, layout_loops_ring, hangedman_decor_growths
D:2:      layout_loops_ring, fedhas_altar_2, lemuel_round_altar, uniq_terence
D:3:      layout_loops_cross, lemuel_round_altar, lemuel_doored_altar,
          marbit_many_paths
D:4:      layout_loops_cross, minmay_temple_entry_ruins, first_ration,
          minmay_bisected
D:5:      layout_basic, nicolae_overflow_hidden_temple, serial_rivers,
          chequers_serial_rivers_marsh, chequers_serial_rivers_small_b,
          chequers_serial_rivers_marsh, chequers_serial_rivers_small_b
D:6:      layout_loops_ring, gammafunk_ghost_necromancy, serial_shops,
          nicolae_shop_behind_doors, lightli_minifort
D:7:      layout_rooms, basic_altar
D:8:      layout_cave_pools
D:9:      layout_basic, erik_lair_island, uniq_harold, uniq_erolcha
D:10:     layout_basic
D:11:     layout_cave_pools, portal_ice_cave_entry_imps, serial_shops,
          nicolae_shop_overgrown_old_shop
IceCv:    ice_cave_caverns_03

Skill      XL: |  1  2  3  4  5  6  7  8  9 10 11 |
---------------+----------------------------------+-----
Conjurations   | 1 2 3 4 6 7 |  7.9
Fire Magic     | 3 4 5 6 7 9 10 11 | 11.4
Spellcasting   | 2 3 4 5 6 7 |  7.5
Fighting       | 1 2 3 4 6 7 |  7.8
Dodging        | |  1.7
Stealth        | |  1.7

Action                   |  1- 3 |  4- 6 |  7- 9 | 10-12 || total
-------------------------+-------+-------+-------+-------++-------
Melee: Unarmed           |    21 |    14 |       |       ||    35
       Dagger            |       |    51 |       |       ||    51
       Flail             |       |       |   234 |   277 ||   511
 Cast: Flame Tongue      |    88 |    86 |    60 |     4 ||   238
       Throw Flame       |       |    21 |    11 |       ||    32
       Sticky Flame      |       |       |    27 |    60 ||    87
       Fireball          |       |       |    12 |    24 ||    36
Evoke: Wand              |       |     7 |     1 |    14 ||    22
  Use: Scroll            |     4 |     4 |     3 |     6 ||    17
       Potion            |       |       |     4 |     5 ||     9
 Stab: Sleeping          |       |     1 |     2 |     1 ||     4
  Eat: Chunk             |     4 |     6 |    11 |    17 ||    38
       Ration            |       |     1 |     2 |     1 ||     4
Armor: Robe              |     8 |    42 |   114 |    16 ||   180
       Troll leather arm |       |       |       |   169 ||   169
       Skin              |       |       |       |    63 ||    63
Dodge: Dodged            |    52 |    78 |   225 |   275 ||   630

Table legend:
 A = Non-vault XP
 B = Vault XP
 C = Vault XP percentage of total XP
 D = Non-vault monster count
 E = Vault monster count
 F = Vault count percentage of total count
                 A         B        C        D         E       F
            +---------+---------+-------+---------+---------+-------
      Total |   11440 |    8253 |  41.9 |     234 |      52 |  18.2
            +---------+---------+-------+---------+---------+-------
        D:1 |      52 |       0 |   0.0 |      30 |       0 |   0.0
        D:2 |      76 |      36 |  32.1 |      23 |       1 |   4.2
        D:3 |     109 |       2 |   1.8 |       9 |       1 |  10.0
        D:4 |     388 |       0 |   0.0 |      10 |       0 |   0.0
        D:5 |     664 |       0 |   0.0 |      14 |       0 |   0.0
        D:6 |    1419 |     145 |   9.3 |      31 |       4 |  11.4
        D:7 |    1766 |       0 |   0.0 |      27 |       0 |   0.0
        D:8 |    1012 |       0 |   0.0 |      28 |       0 |   0.0
        D:9 |    2425 |    2586 |  51.6 |      24 |      10 |  29.4
       D:10 |    3529 |       0 |   0.0 |      38 |       0 |   0.0
       D:11 |       0 |     102 | 100.0 |       0 |      10 | 100.0
      IceCv |       0 |    5382 | 100.0 |       0 |      26 | 100.0
            +---------+---------+-------+---------+---------+-------
